cohdb
Replays
Latest Replays
All Replays
Popular Replays
Top Player Replays
Match Explorer
How It Works
Community
CoH3 Stats
Reddit
Sign in to upload your games and track your stats! →
Sign in with Steam
Match 45708977
Unlisted
Match 45708977
Overview
Messages
Build Orders
End
Construct Barracks
Engineer Squad
Selects Armored Battlegroup
1⁄4-ton 4x4 Truck
Selects Veteran Crews
Riflemen Squad
Riflemen Squad
Infantry Support Center
Construct Motor Pool
Selects Fast Deploy
M8 Greyhound Armored Car
Construct Medical Station
M8 Greyhound Armored Car
Riflemen Squad
Selects M8 Scott SPG
M8 Scott SPG
Grenade Package
M1 Anti-tank Gun Team
M1918 Browning Automatic Rifles
woof_raff
crazymcdazy
Friendly Mouse(Poxie)
Gaylord Thistlebottom VII
Dr. Alfred Plumville
KinnKyy
0
0
Comments
sign in to comment!
No comments posted yet!